[Event "ICC tourney 2250 (120 10)"]
[Site "Internet Chess Club"]
[Date "2020.12.26"]
[Round "1"]
[White "tejasrama"]
[Black "pawnpush202044"]
[Result "1-0"]
[ICCResult "Black resigns"]
[WhiteElo "2293"]
[BlackElo "1915"]
[Opening "Réti: Nimzovich-Larsen attack"]
[ECO "A06"]
[NIC "QP.09"]
[Time "12:04:42"]
[PlyCount "99"]
[TimeControl "7200+10"]

1. Nf3 d5 2. b3 Nc6 3. Bb2 Nf6 4. e3 a6 5. c4 e6 6. d4 Bb4+ 7. Nbd2 O-O 8.
Bd3 b6 9. O-O Bb7 10. Rc1 Qe7 11. Nb1 Rfd8 12. Qe2 Bd6 13. Nc3 Nb4 14. Bb1
c5 15. dxc5 bxc5 16. a3 Nc6 17. e4 dxe4 18. Nxe4 Nd4 19. Bxd4 Nxe4 20. Bxg7
Ng5 21. Be5 Bxf3 22. Bxd6 Qxd6 23. gxf3 Qd2 24. Qe3 Qxe3 25. fxe3 Rd2 26.
Rc2 Rad8 27. Rxd2 Rxd2 28. h4 Nh3+ 29. Kh1 Nf2+ 30. Kg2 Nd1+ 31. Kh3 Nxe3
32. Rg1+ Kh8 33. h5 h6 34. Re1 Nc2 35. Bxc2 Rxc2 36. Kg4 Rc3 37. Rb1 Kg7
38. Kf4 Kf6 39. Ke4 Kg5 40. Ke5 Rxf3 41. Kd6 Rf5 42. b4 cxb4 43. axb4 Kf6
44. c5 Rd5+ 45. Kc6 Ke7 46. Kb6 Kd7 47. Kb7 a5 48. c6+ Kd6 49. b5 a4 50. c7
{ Black resigns } 1-0

[Event "ICC tourney 2250 (120 10)"]
[Site "Internet Chess Club"]
[Date "2020.12.26"]
[Round "1"]
[White "Dipankar007"]
[Black "josuevm"]
[Result "1-0"]
[ICCResult "Black resigns"]
[WhiteElo "1850"]
[BlackElo "2272"]
[Opening "Sicilian: Grand Prix attack"]
[ECO "B23"]
[NIC "SI.44"]
[Time "12:04:41"]
[PlyCount "105"]
[TimeControl "7200+10"]

1. e4 c5 2. Nc3 Nc6 3. f4 g6 4. Nf3 Bg7 5. Bb5 Nd4 6. O-O Nxb5 7. Nxb5 Nf6
8. d3 d5 9. e5 Nd7 10. e6 fxe6 11. Ng5 Nf8 12. c4 a6 13. Nc3 dxc4 14. dxc4
Qd4+ 15. Qxd4 Bxd4+ 16. Kh1 Bd7 17. a4 h6 18. Nf3 Bc6 19. Bd2 O-O-O 20.
Rae1 Rg8 21. a5 g5 22. fxg5 hxg5 23. Bc1 g4 24. Ne5 Bxe5 25. Rxe5 Rd4 26.
Rxc5 Nd7 27. Rg5 Rxg5 28. Bxg5 Rxc4 29. Bxe7 Nc5 30. Kg1 Nd3 31. Rf8+ Kd7
32. Rd8+ Kxe7 33. Rxd3 e5 34. Kf2 Ke6 35. h4 gxh3 36. gxh3 Rb4 37. Rd2 Rh4
38. Kg3 Rh8 39. Rh2 Rg8+ 40. Kf2 e4 41. h4 Ke5 42. h5 Kf4 43. Ne2+ Ke5 44.
Ke3 Rf8 45. Rf2 Rxf2 46. Kxf2 Kf6 47. Ke3 Kg5 48. Ng3 Kh6 49. b4 Kg5 50.
Kd4 Kh6 51. Nxe4 Kxh5 52. Nd6 Kg6 53. Kc5 { Black resigns } 1-0

[Event "ICC tourney 2250 (120 10)"]
[Site "Internet Chess Club"]
[Date "2020.12.26"]
[Round "2"]
[White "espark"]
[Black "jsl1996"]
[Result "0-1"]
[ICCResult "White resigns"]
[WhiteElo "2338"]
[BlackElo "2643"]
[Opening "Caro-Kann: Tartakower (Nimzovich) variation"]
[ECO "B15"]
[NIC "CK.06"]
[Time "17:16:28"]
[PlyCount "80"]
[TimeControl "7200+10"]

1. e4 c6 2. d4 d5 3. Nc3 dxe4 4. Nxe4 Nf6 5. Nxf6+ exf6 6. c3 Bd6 7. Bd3
O-O 8. Qc2 Re8+ 9. Ne2 h5 10. Be3 Nd7 11. O-O-O Nf8 12. c4 Be6 13. Kb1 Rc8
14. Rhe1 b5 15. c5 Bc7 16. Nf4 Bxf4 17. Bxf4 Bxa2+ 18. Kc1 Bd5 19. Rxe8
Qxe8 20. f3 Ne6 21. Bd6 Nxd4 22. Bh7+ Kh8 23. Rxd4 Qe3+ 24. Qd2 Qxd2+ 25.
Rxd2 Kxh7 26. Re2 a5 27. Bf4 b4 28. Re7 g5 29. Be3 Ra8 30. Rb7 Kg6 31. h3
h4 32. Kc2 b3+ 33. Kc3 a4 34. Bc1 Re8 35. Kd2 Bc4 36. Rb4 Re2+ 37. Kd1 Rc2
38. Rxa4 Be2+ 39. Ke1 Bb5 40. Ra1 Rxg2 { White resigns } 0-1

[Event "ICC tourney 2250 (120 10)"]
[Site "Internet Chess Club"]
[Date "2020.12.26"]
[Round "2"]
[White "mikolka1985"]
[Black "ShadowApt"]
[Result "1-0"]
[ICCResult "Black resigns"]
[WhiteElo "2545"]
[BlackElo "2105"]
[Opening "King's Indian: Four pawns attack"]
[ECO "E76"]
[NIC "KI.31"]
[Time "17:16:18"]
[PlyCount "111"]
[TimeControl "7200+10"]

1. d4 Nf6 2. c4 g6 3. Nc3 Bg7 4. e4 d6 5. f4 O-O 6. Nf3 c5 7. dxc5 dxc5 8.
Qxd8 Rxd8 9. e5 Ne8 10. Be3 b6 11. Nd5 e6 12. Ne7+ Kf8 13. Nxc8 Rxc8 14. g3
Nc6 15. Bg2 Nb4 16. O-O-O Rd8 17. a3 Nc6 18. Ng5 Rac8 19. Nxh7+ Kg8 20.
Rxd8 Nxd8 21. Ng5 Nc6 22. Rd1 Na5 23. Bf1 Kf8 24. Rd7 Rc7 25. Nh7+ Kg8 26.
Rd8 Kxh7 27. Rxe8 Rd7 28. Kc2 Nc6 29. Rc8 Ne7 30. Re8 Nc6 31. b3 Nd8 32.
Bh3 Bh6 33. b4 cxb4 34. axb4 Nc6 35. Kc3 a5 36. b5 Nb4 37. Bf1 Rd1 38. Be2
Ra1 39. Bxb6 Ra3+ 40. Kd2 Ra2+ 41. Ke1 a4 42. Bc5 Nc2+ 43. Kf2 a3 44. Ra8
Rb2 45. Bxa3 Ra2 46. b6 Nd4 47. b7 Nc6 48. Bc1 Rc2 49. Rc8 Rxc1 50. Rxc6
Rb1 51. Rc7 Rb2 52. c5 Bf8 53. Rxf7+ Kg8 54. Rxf8+ Kxf8 55. c6 Ke7 56. c7 {
Black resigns } 1-0

[Event "ICC tourney 2250 (120 10)"]
[Site "Internet Chess Club"]
[Date "2020.12.26"]
[Round "2"]
[White "Mookmookarmy"]
[Black "superind"]
[Result "0-1"]
[ICCResult "White resigns"]
[WhiteElo "2360"]
[BlackElo "2710"]
[Opening "two knights defense: Yurdansky attack"]
[ECO "C56"]
[NIC "KP.02"]
[Time "17:16:47"]
[PlyCount "64"]
[TimeControl "7200+10"]

1. e4 e5 2. Nf3 Nc6 3. d4 exd4 4. Bc4 Nf6 5. O-O Nxe4 6. Re1 d5 7. Bxd5
Qxd5 8. Nc3 Qa5 9. Nxe4 Be6 10. Bg5 h6 11. Bh4 g5 12. Nf6+ Ke7 13. b4 Qf5
14. Bg3 Kxf6 15. b5 Qxb5 16. Nxd4 Qd5 17. Nxc6 Qxd1 18. Raxd1 Bg7 19. Nd4
Bxa2 20. Bxc7 Kg6 21. Be5 Rhe8 22. Bxg7 Rxe1+ 23. Rxe1 Kxg7 24. g4 a5 25.
Ra1 Bc4 26. Nf5+ Kg6 27. Ne3 Be6 28. c4 Kf6 29. c5 a4 30. Ra3 Ke5 31. Rd3
a3 32. Nc2 a2 { White resigns } 0-1

[Event "ICC tourney 2250 (120 10)"]
[Site "Internet Chess Club"]
[Date "2020.12.26"]
[Round "2"]
[White "investigator"]
[Black "pangpangba"]
[Result "0-1"]
[ICCResult "White resigns"]
[WhiteElo "2106"]
[BlackElo "1656"]
[Opening "English opening"]
[ECO "A20"]
[NIC "EO.24"]
[Time "17:16:14"]
[PlyCount "82"]
[TimeControl "7200+10"]

1. c4 e5 2. g3 c6 3. Bg2 d5 4. cxd5 cxd5 5. d4 e4 6. Nc3 Nc6 7. Bf4 Be6 8.
Nh3 Be7 9. Be5 Bf6 10. Nf4 Nxe5 11. dxe5 Bxe5 12. Nfxd5 Qa5 13. b4 Bxc3+
14. Nxc3 Qxb4 15. Qa4+ Qxa4 16. Nxa4 Nf6 17. Nc5 Bd5 18. O-O O-O-O 19. a4
Rhe8 20. Rfc1 Kb8 21. Rab1 Ka8 22. Rb4 b6 23. Na6 Rc8 24. Rc7 Bb7 25. Bh3
Bxa6 26. Bxc8 Rxc8 27. Rbc4 Kb8 28. Rxc8+ Bxc8 29. f3 Be6 30. Rb4 Kb7 31.
fxe4 Kc6 32. Rd4 b5 33. Kf2 a5 34. Ke3 bxa4 35. Rxa4 Kb5 36. Rd4 a4 37. Kd3
a3 38. Kc3 a2 39. Kb2 Ng4 40. h3 Ne3 41. g4 Nc2 { White resigns } 0-1

[Event "ICC tourney 2250 (120 10)"]
[Site "Internet Chess Club"]
[Date "2020.12.26"]
[Round "2"]
[White "savchess06"]
[Black "sriramk"]
[Result "0-1"]
[ICCResult "White resigns"]
[WhiteElo "2085"]
[BlackElo "2168"]
[Opening "Ruy Lopez: Anderssen variation"]
[ECO "C77"]
[NIC "RL.12"]
[Time "17:16:22"]
[PlyCount "102"]
[TimeControl "7200+10"]

1. e4 e5 2. Nf3 Nc6 3. Bb5 a6 4. Ba4 Nf6 5. d3 b5 6. Bb3 Be7 7. a4 Bb7 8.
axb5 axb5 9. Rxa8 Bxa8 10. Nc3 b4 11. Nd5 O-O 12. O-O d6 13. Bd2 Nxd5 14.
Bxd5 Qb8 15. Qe1 Qb6 16. Qe3 Nd4 17. Nxd4 exd4 18. Qh3 Bxd5 19. exd5 Qc5
20. Qd7 Qxc2 21. Bxb4 Bf6 22. Ba3 Qxd3 23. Qxc7 Qe2 24. Qxd6 Re8 25. Qc6 d3
26. Qc1 d2 27. Qb1 Bd4 28. h3 Bxf2+ 29. Kh2 Qe5+ 30. Kh1 Qe1 31. Bb4 Qxb1
32. Rxb1 Re1+ 33. Rxe1 dxe1=Q+ 34. Bxe1 Bxe1 35. Kg1 Kf8 36. Kf1 Bb4 37.
Ke2 Ke7 38. Kd3 Kd6 39. Kc4 Be1 40. b4 Bf2 41. g4 h6 42. b5 g5 43. Kb4 Kxd5
44. Ka5 Ke5 45. b6 Bxb6+ 46. Kxb6 Kf4 47. Kc6 Kg3 48. Kd6 Kxh3 49. Ke7 Kxg4
50. Kxf7 h5 51. Kg6 h4 { White resigns } 0-1

[Event "ICC tourney 2250 (120 10)"]
[Site "Internet Chess Club"]
[Date "2020.12.26"]
[Round "2"]
[White "schubakov"]
[Black "Bearbarion"]
[Result "1-0"]
[ICCResult "Black resigns"]
[WhiteElo "2161"]
[BlackElo "1921"]
[Opening "QGD Slav: exchange variation"]
[ECO "D13"]
[NIC "SL.02"]
[Time "17:16:32"]
[PlyCount "43"]
[TimeControl "7200+10"]

1. d4 d5 2. c4 c6 3. cxd5 cxd5 4. Nf3 Nf6 5. Nc3 Nc6 6. Bf4 a6 7. e3 Bf5 8.
Be2 Rc8 9. O-O Ne4 10. Nxe4 Bxe4 11. Nd2 Bg6 12. Rc1 e6 13. a3 Bd6 14. Bxd6
Qxd6 15. Nb3 O-O 16. Nc5 Rc7 17. Qd2 e5 18. dxe5 Nxe5 19. b4 Bf5 20. Rfd1
Rd8 21. e4 Bg4 22. f4 { Black resigns } 1-0

[Event "ICC tourney 2250 (120 10)"]
[Site "Internet Chess Club"]
[Date "2020.12.26"]
[Round "2"]
[White "jy2020"]
[Black "wolfchess1"]
[Result "1-0"]
[ICCResult "Black resigns"]
[WhiteElo "2227"]
[BlackElo "2077"]
[Opening "Robatsch (modern) defense"]
[ECO "B06"]
[NIC "KF.05"]
[Time "17:16:23"]
[PlyCount "119"]
[TimeControl "7200+10"]

1. e4 g6 2. d4 Bg7 3. Nf3 d6 4. Bc4 a6 5. a4 e6 6. Nc3 b6 7. O-O Nd7 8. Qe2
Bb7 9. Rd1 Ne7 10. Bf4 O-O 11. Rd2 Re8 12. Ba2 d5 13. Re1 Nf6 14. exd5
Nexd5 15. Nxd5 exd5 16. Qd1 Rxe1+ 17. Qxe1 Ne4 18. Re2 c6 19. Ne5 a5 20.
Nxf7 Kxf7 21. Rxe4 Bc8 22. c3 Bf5 23. Re3 Qd7 24. Bb1 Bxb1 25. Qxb1 Re8 26.
Qe1 Rxe3 27. Qxe3 Bf6 28. h3 b5 29. axb5 cxb5 30. Qf3 Qf5 31. g4 Qe4 32.
Qxe4 dxe4 33. d5 Ke7 34. Kf1 a4 35. Ke2 g5 36. Bg3 a3 37. bxa3 Bxc3 38. Ke3
Bb2 39. Kxe4 Bxa3 40. Be5 b4 41. Kd3 b3 42. Kc3 b2 43. Kc2 Kd7 44. f3 Ke7
45. Kb1 Kd7 46. Bf6 Kd6 47. Bxg5 Kxd5 48. Bf6 Ke6 49. Bxb2 Bd6 50. Kc2 Bf4
51. Kd3 Kd5 52. Bc3 Bg5 53. Bd2 Bh4 54. f4 Be7 55. Ke3 Bc5+ 56. Kf3 Ke6 57.
Ke4 Bf2 58. Bc3 Kf7 59. Kf5 Bh4 60. g5 { Black resigns } 1-0

[Event "ICC tourney 2250 (120 10)"]
[Site "Internet Chess Club"]
[Date "2020.12.26"]
[Round "2"]
[White "shianen"]
[Black "Plato"]
[Result "1-0"]
[ICCResult "Black resigns"]
[WhiteElo "2195"]
[BlackElo "2033"]
[Opening "QGD: Charousek (Petrosian) variation"]
[ECO "D31"]
[NIC "QP.08"]
[Time "17:16:17"]
[PlyCount "63"]
[TimeControl "7200+10"]

1. d4 d5 2. c4 e6 3. Nc3 Be7 4. Nf3 Nf6 5. cxd5 exd5 6. Qc2 c6 7. h3 Nbd7
8. Bf4 O-O 9. e3 Re8 10. Bd3 Nf8 11. O-O Ne6 12. Bh2 g6 13. Rab1 Ng7 14. b4
a6 15. Na4 Bf5 16. Bxf5 Nxf5 17. Nc5 Ra7 18. a4 Nd6 19. Bxd6 Bxd6 20. b5
axb5 21. axb5 Bxc5 22. dxc5 cxb5 23. Rxb5 Re4 24. Nd4 Qa8 25. Rfb1 Ra2 26.
Qc1 Qa4 27. Rxb7 Rxd4 28. exd4 Qxd4 29. R7b2 Ra4 30. c6 Kg7 31. c7 Rc4 32.
c8=Q { Black resigns } 1-0

[Event "ICC tourney 2250 (120 10)"]
[Site "Internet Chess Club"]
[Date "2020.12.26"]
[Round "2"]
[White "NightMovesTN"]
[Black "Dipankar007"]
[Result "1-0"]
[ICCResult "Black resigns"]
[WhiteElo "2398"]
[BlackElo "1850"]
[Opening "Grünfeld: Three knights variation"]
[ECO "D90"]
[NIC "GI.07"]
[Time "17:16:50"]
[PlyCount "71"]
[TimeControl "7200+10"]

1. d4 Nf6 2. Nf3 g6 3. c4 Bg7 4. Nc3 d5 5. cxd5 Nxd5 6. Bd2 O-O 7. e4 Nb6
8. Be3 Bg4 9. Be2 Bxf3 10. Bxf3 Nc6 11. e5 Nc4 12. O-O e6 13. Ne4 Rb8 14.
Nc5 Qe8 15. Bg5 Nb6 16. Rc1 Nd5 17. Bxd5 exd5 18. Re1 Qc8 19. Qd2 b6 20.
Nb3 Nd8 21. Bf6 Ne6 22. f4 Bh6 23. Rf1 Qa6 24. Rc3 Rfc8 25. Rh3 Bf8 26. f5
Nd8 27. e6 b5 28. fxg6 fxg6 29. e7 Bxe7 30. Bxe7 Nf7 31. Rxf7 Kxf7 32.
Rxh7+ Ke8 33. Nc5 Qxa2 34. Rh8+ Kxe7 35. Qg5+ Kf7 36. Rh7+ { Black resigns
} 1-0

[Event "ICC tourney 2250 (120 10)"]
[Site "Internet Chess Club"]
[Date "2020.12.26"]
[Round "2"]
[White "Drachekokosnuss"]
[Black "Chessking2008"]
[Result "1/2-1/2"]
[ICCResult "Game drawn by mutual agreement"]
[WhiteElo "2100"]
[BlackElo "2197"]
[Opening "Sicilian: dragon, Yugoslav attack, 10.O-O-O"]
[ECO "B78"]
[NIC "SI.18"]
[Time "17:16:20"]
[PlyCount "85"]
[TimeControl "7200+10"]

1. e4 c5 2. Nf3 d6 3. d4 cxd4 4. Nxd4 Nf6 5. Nc3 g6 6. Be3 Bg7 7. f3 O-O 8.
Qd2 Nc6 9. Bc4 Bd7 10. O-O-O Ne5 11. Bb3 Rc8 12. Kb1 Nc4 13. Bxc4 Rxc4 14.
h4 b5 15. h5 b4 16. Nce2 Qc7 17. hxg6 fxg6 18. Bh6 Rc8 19. Bxg7 Kxg7 20.
Nf4 Rxd4 21. Qxd4 Qxc2+ 22. Ka1 b3 23. e5 dxe5 24. Qxe5 Kf7 25. Nd3 Bf5 26.
Rhe1 Re8 27. Qe3 Bxd3 28. Rxd3 bxa2 29. Qe6+ Kf8 30. Ra3 Qxg2 31. Rxa7 Ng8
32. Ra4 Qxf3 33. Qe5 Qf7 34. Rf4 Nf6 35. Qg5 Kg8 36. Qe5 Kg7 37. Qb5 Rd8
38. Qb7 g5 39. Rff1 Kf8 40. Qc7 Re8 41. Qe5 h6 42. Rh1 Kg7 43. Rd1 { Game
drawn by mutual agreement } 1/2-1/2

[Event "ICC tourney 2250 (120 10)"]
[Site "Internet Chess Club"]
[Date "2020.12.26"]
[Round "2"]
[White "lmperatorX"]
[Black "mchessmaster"]
[Result "0-1"]
[ICCResult "White resigns"]
[WhiteElo "2118"]
[BlackElo "1976"]
[Opening "Sicilian: Pelikan, Chelyabinsk variation"]
[ECO "B33"]
[NIC "SI.37"]
[Time "17:16:21"]
[PlyCount "66"]
[TimeControl "7200+10"]

1. e4 c5 2. Nf3 Nc6 3. d4 cxd4 4. Nxd4 Nf6 5. Nc3 e5 6. Ndb5 d6 7. Bg5 a6
8. Na3 b5 9. Nd5 Be7 10. Bxf6 Bxf6 11. c3 O-O 12. Nc2 Bg5 13. a4 bxa4 14.
Rxa4 a5 15. Bc4 Be6 16. h4 Bh6 17. Nce3 Rb8 18. b3 Kh8 19. Nf5 Bxf5 20.
exf5 Qd7 21. Qh5 e4 22. g4 Ne5 23. g5 Qxf5 24. Ne3 Nf3+ 25. Kd1 Qe5 26. Nd5
f6 27. Rxa5 fxg5 28. hxg5 Qxg5 29. Qxg5 Bxg5 30. b4 Ne5 31. Be2 Rxf2 32.
Ra6 Rd8 33. b5 Rf7 { White resigns } 0-1

[Event "ICC tourney 2250 (120 10)"]
[Site "Internet Chess Club"]
[Date "2020.12.26"]
[Round "2"]
[White "KRASAVCHIK"]
[Black "sathviks"]
[Result "1-0"]
[ICCResult "Black resigns"]
[WhiteElo "2458"]
[BlackElo "2237"]
[Opening "Sicilian: closed, 2...Nc6"]
[ECO "B23"]
[NIC "SI.44"]
[Time "17:17:12"]
[PlyCount "85"]
[TimeControl "7200+10"]

1. e4 c5 2. Nc3 Nc6 3. Bb5 e6 4. Bxc6 bxc6 5. d3 d5 6. Nf3 Nf6 7. O-O Be7
8. Re1 O-O 9. b3 Ba6 10. Ba3 Qa5 11. Na4 Nd7 12. c4 Nb6 13. exd5 cxd5 14.
cxd5 Nxd5 15. Ne5 Rac8 16. Bb2 Bf6 17. Nc4 Bxc4 18. dxc4 Bxb2 19. Nxb2 Nb4
20. Qe2 Rfd8 21. Na4 Rd4 22. Red1 Rcd8 23. Rxd4 cxd4 24. Qd2 e5 25. Re1 f6
26. g3 Rb8 27. f4 Qc7 28. fxe5 fxe5 29. a3 Nc6 30. b4 Qf7 31. Qd3 Ne7 32.
Nc5 Rf8 33. Rf1 Qxf1+ 34. Qxf1 Rxf1+ 35. Kxf1 Kf7 36. Ke2 Nf5 37. Kd3 Ne3
38. a4 Ke7 39. a5 Kd6 40. Ne4+ Kd7 41. b5 Ng4 42. c5 Kc7 43. Nd6 { Black
resigns } 1-0

[Event "ICC tourney 2250 (120 10)"]
[Site "Internet Chess Club"]
[Date "2020.12.26"]
[Round "2"]
[White "Adhvaith0406"]
[Black "Venom2020"]
[Result "1/2-1/2"]
[ICCResult "Game drawn by repetition"]
[WhiteElo "2033"]
[BlackElo "2155"]
[Opening "Sicilian: accelerated fianchetto, Breyer variation"]
[ECO "B39"]
[NIC "SI.33"]
[Time "17:16:30"]
[PlyCount "109"]
[TimeControl "7200+10"]

1. e4 c5 2. Nf3 Nc6 3. d4 cxd4 4. Nxd4 g6 5. c4 Bg7 6. Be3 Nf6 7. Nc3 Ng4
8. Qxg4 Nxd4 9. Qd1 Ne6 10. Qd2 Qa5 11. Be2 Bxc3 12. Qxc3 Qxc3+ 13. bxc3 d6
14. O-O Bd7 15. f4 f6 16. f5 Nc5 17. Bxc5 dxc5 18. Bd3 O-O-O 19. Bc2 g5 20.
Rad1 Bc6 21. Kf2 Rxd1 22. Rxd1 Rd8 23. Rxd8+ Kxd8 24. Ke3 Kc7 25. g3 Kd6
26. Bd1 Ke5 27. Bc2 Be8 28. Bd1 b6 29. Bc2 Bc6 30. Bd3 Ba4 31. Kd2 h5 32.
Ke2 h4 33. Kd2 Bc6 34. Ke3 Ba4 35. Kd2 Be8 36. Ke3 Bh5 37. Kd2 Bg4 38. Ke3
Bd1 39. Kd2 Bh5 40. Ke3 a6 41. Kd2 Be8 42. Ke3 Bc6 43. Bc2 hxg3 44. hxg3
Be8 45. a3 Bc6 46. Bd3 Ba4 47. Kd2 Bb3 48. Ke3 Bd1 49. Kd2 Bf3 50. Ke3 Bd1
51. Kd2 Bf3 52. Ke3 Bd1 53. Kd2 Bf3 54. Ke3 Bd1 55. Kd2 { Game drawn by
repetition } 1/2-1/2

[Event "ICC tourney 2250 (120 10)"]
[Site "Internet Chess Club"]
[Date "2020.12.26"]
[Round "2"]
[White "chiringuito"]
[Black "tejasrama"]
[Result "1-0"]
[ICCResult "Black resigns"]
[WhiteElo "2485"]
[BlackElo "2293"]
[Opening "QGD: 4.Nf3"]
[ECO "D37"]
[NIC "QI.01"]
[Time "17:16:26"]
[PlyCount "81"]
[TimeControl "7200+10"]

1. d4 Nf6 2. c4 e6 3. Nf3 d5 4. Nc3 Be7 5. Qc2 O-O 6. cxd5 exd5 7. Bf4 c6
8. h3 a5 9. e3 Re8 10. Bd3 Na6 11. a3 g6 12. O-O Be6 13. Rfe1 b5 14. Qe2
Qb6 15. Rac1 Rad8 16. Rc2 Nh5 17. Bh6 Nb8 18. g4 Ng7 19. Rec1 Bd6 20. Ng5
f6 21. Nxe6 Nxe6 22. Qf3 Be7 23. h4 Bf8 24. Bxf8 Rxf8 25. h5 Kg7 26. Ne2
Rd7 27. Kg2 Qc7 28. Ng3 Ng5 29. Qe2 Qd6 30. f4 Nf7 31. hxg6 hxg6 32. Bxg6
Nh6 33. Rh1 Qe6 34. f5 Qd6 35. Nh5+ Kg8 36. Nf4 Rh7 37. Bxh7+ Kxh7 38. Ne6
Rh8 39. Qf3 Kg8 40. g5 Nf7 41. gxf6 { Black resigns } 1-0

[Event "ICC tourney 2250 (120 10)"]
[Site "Internet Chess Club"]
[Date "2020.12.26"]
[Round "2"]
[White "Chesslegend21"]
[Black "mentalgiant"]
[Result "1-0"]
[ICCResult "Black checkmated"]
[WhiteElo "2132"]
[BlackElo "1632"]
[Opening "King's Indian: 6.Be2"]
[ECO "E91"]
[NIC "KI.19"]
[Time "17:17:12"]
[PlyCount "81"]
[TimeControl "7200+10"]

1. d4 Nf6 2. c4 g6 3. Nc3 Bg7 4. e4 d6 5. Nf3 O-O 6. Be2 Nbd7 7. Be3 e5 8.
d5 b6 9. Nd2 h6 10. b4 Nh7 11. Nb3 f5 12. f3 f4 13. Bf2 Ndf6 14. c5 Rf7 15.
a4 Bf8 16. a5 bxc5 17. bxc5 Rg7 18. a6 g5 19. Rb1 g4 20. c6 h5 21. Na5 Ng5
22. Rb7 gxf3 23. gxf3 Nh3 24. Bxa7 Bxb7 25. cxb7 Nxe4 26. Nxe4 Rxa7 27. Nc6
Qh4+ 28. Kd2 Rg2 29. b8=Q Rxa6 30. Kc3 Ra2 31. Bd3 Nf2 32. Nxf2 Qxf2 33.
Qb4 Rd2 34. Qdb1 Ra2 35. Rd1 e4 36. fxe4 Bg7+ 37. e5 Bxe5+ 38. Nxe5 dxe5
39. Bh7+ Kf7 40. Qf5+ Kg7 41. Qbf8# { Black checkmated } 1-0

[Event "ICC tourney 2250 (120 10)"]
[Site "Internet Chess Club"]
[Date "2020.12.26"]
[Round "2"]
[White "Gukesh"]
[Black "JKogen"]
[Result "1-0"]
[ICCResult "Black resigns"]
[WhiteElo "2642"]
[BlackElo "2354"]
[Opening "Dutch: classical variation"]
[ECO "A96"]
[NIC "HD.01"]
[Time "17:17:00"]
[PlyCount "91"]
[TimeControl "7200+10"]

1. c4 f5 2. Nf3 Nf6 3. g3 d6 4. d4 e6 5. Bg2 Be7 6. O-O O-O 7. b3 a5 8. Nc3
Ne4 9. Bb2 Nd7 10. Nd2 Nxc3 11. Bxc3 e5 12. dxe5 dxe5 13. e4 f4 14. Nf3 Bf6
15. Qd5+ Kh8 16. Rad1 Qe8 17. gxf4 c6 18. Qd2 exf4 19. e5 Bd8 20. e6 Nc5
21. Bxg7+ Kxg7 22. Qd4+ Bf6 23. Qxc5 Qxe6 24. Rfe1 Qf5 25. Qd6 Qg6 26. Ne5
Bxe5 27. Qxe5+ Qf6 28. Qe7+ Qxe7 29. Rxe7+ Rf7 30. Rxf7+ Kxf7 31. Rd8 Ke7
32. Rh8 Kd6 33. Bh3 Bxh3 34. Rxa8 b6 35. Rf8 Kc5 36. Rxf4 Kb4 37. Rf6 Bd7
38. Rd6 Be8 39. f4 Ka3 40. Rd2 Bg6 41. Kf2 Bb1 42. Ke3 c5 43. Rd6 Bxa2 44.
Rxb6 Bxb3 45. Kd3 a4 46. Kc3 { Black resigns } 1-0

[Event "ICC tourney 2250 (120 10)"]
[Site "Internet Chess Club"]
[Date "2020.12.26"]
[Round "2"]
[White "ChessKidA8"]
[Black "gmRohde"]
[Result "0-1"]
[ICCResult "White resigns"]
[WhiteElo "2123"]
[BlackElo "2440"]
[Opening "Sicilian: Taimanov variation"]
[ECO "B49"]
[NIC "SI.40"]
[Time "17:16:27"]
[PlyCount "112"]
[TimeControl "7200+10"]

1. e4 c5 2. Nf3 e6 3. d4 cxd4 4. Nxd4 Nc6 5. Nc3 Qc7 6. Be3 a6 7. Be2 Nf6
8. O-O Bb4 9. Bf3 Ne5 10. Nce2 O-O 11. c3 Be7 12. Ng3 d6 13. Be2 b5 14. f4
Nc4 15. Bc1 Bb7 16. Bf3 Rac8 17. b3 Nb6 18. Bb2 Rfe8 19. Qe2 Bf8 20. Kh1
Nbd7 21. Rac1 e5 22. fxe5 Nxe5 23. c4 bxc4 24. bxc4 g6 25. Nb3 Qe7 26. Bd4
Bh6 27. Rc3 Nfd7 28. Re1 Nc5 29. Nxc5 dxc5 30. Bxe5 Qxe5 31. Rd3 Bc6 32.
Nf1 Rb8 33. Qd1 Rb2 34. Ne3 Bxe3 35. Rexe3 Rxa2 36. Re1 a5 37. Rd2 Rxd2 38.
Qxd2 a4 39. h3 a3 40. Qa2 Qc3 41. Ra1 Rb8 42. Kh2 Rb3 43. Rf1 Rb2 44. Qa1
a2 45. Rd1 h5 46. Rf1 Rc2 47. Qd1 Rd2 48. Qe1 Qe5+ 49. Kh1 Qd4 50. Kh2 Kg7
51. Qc1 Qe5+ 52. Kh1 Rb2 53. Qa1 f6 54. Re1 Ba4 55. Rg1 Bc2 56. Bd1 Bb1 {
White resigns } 0-1

[Event "ICC tourney 2250 (120 10)"]
[Site "Internet Chess Club"]
[Date "2020.12.26"]
[Round "2"]
[White "RajeshCS"]
[Black "Aleksandrov73"]
[Result "0-1"]
[ICCResult "White forfeits on time"]
[WhiteElo "2310"]
[BlackElo "2629"]
[Opening "English opening"]
[ECO "A13"]
[NIC "EO.64"]
[Time "17:17:12"]
[PlyCount "112"]
[TimeControl "7200+10"]

1. c4 e6 2. g3 d5 3. Bg2 g6 4. Nf3 Bg7 5. O-O Ne7 6. cxd5 exd5 7. d4 O-O 8.
Nc3 Nbc6 9. Bg5 h6 10. Bxe7 Nxe7 11. b4 Be6 12. Qb3 c6 13. e3 a5 14. Na4
axb4 15. Nc5 Bc8 16. Qxb4 b6 17. Nd3 Ba6 18. Qd2 Bb5 19. Rfc1 Ra3 20. Rc3
Qd6 21. Rxa3 Qxa3 22. Qb4 Ra8 23. Qxa3 Rxa3 24. Nc1 Kf8 25. Rb1 Ke8 26. Bf1
Bxf1 27. Kxf1 Nc8 28. Rb3 Ra4 29. Ke2 Kd7 30. Ne1 Bf8 31. Ned3 Bd6 32. Nb2
Ra7 33. a4 c5 34. dxc5 bxc5 35. Rb5 Kc6 36. Nb3 Nb6 37. Na5+ Kc7 38. Kd1 f5
39. Kc2 g5 40. Kb1 h5 41. Nb3 Nd7 42. Na5 Ne5 43. Nb3 Rb7 44. Rxb7+ Kxb7
45. Nd1 g4 46. Nc3 Nd3 47. Nxd5 Nxf2 48. Nf4 Nd1 49. Nxh5 Nxe3 50. Nd2 c4
51. Ng7 c3 52. Nb3 f4 53. gxf4 Bxf4 54. Nh5 Bxh2 55. Nc5+ Kb6 56. Ne4 Be5 {
White forfeits on time } 0-1

[Event "ICC tourney 2250 (120 10)"]
[Site "Internet Chess Club"]
[Date "2020.12.26"]
[Round "2"]
[White "Sergeiaza"]
[Black "tigeriz"]
[Result "1-0"]
[ICCResult "Black resigns"]
[WhiteElo "2674"]
[BlackElo "2393"]
[Opening "Giuoco Piano"]
[ECO "C54"]
[NIC "IG.02"]
[Time "17:16:36"]
[PlyCount "71"]
[TimeControl "7200+10"]

1. e4 e5 2. Nf3 Nc6 3. Bc4 Bc5 4. c3 Nf6 5. d3 d6 6. Bg5 h6 7. Bh4 O-O 8.
O-O g5 9. Bg3 g4 10. Bh4 gxf3 11. Qxf3 Kg7 12. Kh1 Be6 13. g4 Bxc4 14. dxc4
Rh8 15. b4 Bb6 16. Na3 a6 17. Rad1 Qe7 18. g5 Qe6 19. gxf6+ Kh7 20. Rg1
Rhg8 21. Rxg8 Rxg8 22. Rg1 Qc8 23. Rg3 Rxg3 24. hxg3 Qg8 25. Kg2 Qg6 26.
Nc2 Nb8 27. Qd3 Ba7 28. f3 Nd7 29. Qd5 Nxf6 30. Qxb7 Bb6 31. a4 a5 32. bxa5
Bxa5 33. Nb4 Nd7 34. Qb5 Bxb4 35. cxb4 Nb6 36. a5 { Black resigns } 1-0

[Event "ICC tourney 2250 (120 10)"]
[Site "Internet Chess Club"]
[Date "2020.12.26"]
[Round "2"]
[White "pawnpush202044"]
[Black "RagingKnightNC"]
[Result "0-1"]
[ICCResult "White resigns"]
[WhiteElo "1915"]
[BlackElo "2112"]
[Opening "English: closed system"]
[ECO "A25"]
[NIC "EO.24"]
[Time "17:16:32"]
[PlyCount "100"]
[TimeControl "7200+10"]

1. c4 e5 2. g3 g6 3. Bg2 Bg7 4. Nc3 Nc6 5. e3 Nge7 6. Nge2 d6 7. a3 Be6 8.
d3 d5 9. cxd5 Nxd5 10. Qc2 O-O 11. O-O Qd7 12. Ne4 b6 13. Ng5 Nce7 14. Nxe6
Qxe6 15. e4 Nf6 16. f4 c5 17. fxe5 Ng4 18. Nf4 Qxe5 19. Qe2 Qd4+ 20. Kh1
Ne5 21. Be3 Qd6 22. Rad1 N5c6 23. Rd2 Rad8 24. Qd1 Nd4 25. Qa4 a5 26. Bxd4
Qxd4 27. Qxd4 Rxd4 28. Ne2 Rd6 29. Nc3 Bxc3 30. bxc3 Rfd8 31. Rfd1 Nc6 32.
Bf1 Ne5 33. d4 cxd4 34. Rxd4 Rxd4 35. cxd4 Nf3 36. d5 Kg7 37. Kg2 Ne5 38.
Rc1 Kf6 39. Bb5 Ke7 40. h3 Kd6 41. Kf2 Rf8 42. Ke3 f5 43. Rc3 fxe4 44. Kxe4
g5 45. a4 h5 46. Be2 h4 47. Rb3 Nd7 48. Ke3 hxg3 49. Bf3 Rf4 50. Bg4 g2 {
White resigns } 0-1